AoeStats
← dashuaibi

Black Forest

507973029Analyzed
4v4 RM · 12d ago on Sep 20, 2026· 20m 47s· 8 players
Game mode
Random Map
Map size
Large (8 player)
Population
200
Speed
Normal
Resources
Standard
Victory
Conquest
Starting age
Dark Age
Ending age
Imperial Age
RankedLock teamsTeams togetherTeam positionsShared explorationLock speedFull tech treeHidden civsTurbo modeCheats
Victory
Defeat
🇹🇷 Persians · Türkiye
1437
+14
🇨🇳 Magyars · China
1400
+15
🇦🇷 Burgundians · Argentina
1388
+16
🇧🇷 Saracens · Brazil
1307
+19
🇷🇺 Bohemians · Russia
1516
-22
🇦🇺 Persians · Australia
1367
-15
🇨🇳 Saracens · China
1355
-15
🇷🇺 Poles · Russia
1284
-12
Cambo
3:07 Loom
11:39 Feudal Age
17:14 Castle Age
dashuaibi
5:11 Loom
13:42 Feudal Age
15:31 Double-Bit Axe
16:25 Wheelbarrow
19:00 Castle Age
16:49 Horse Collar
18:22 Fishing Lines
18:56 Stone Mining
Fantom7
11:48 Feudal Age
15:58 Castle Age
14:21 Double-Bit Axe
14:35 Horse Collar
17:34 Stone Mining
Dis
0:38 Loom
12:23 Feudal Age
16:41 Castle Age
15:35 Horse Collar
17:31 Double-Bit Axe
klostrofobikköstebek
5:25 Loom
11:15 Feudal Age
14:53 Castle Age
14:14 Fishing Lines
19:58 Wheelbarrow
20:14 Horse Collar
20:21 Double-Bit Axe
grain8720
10:20 Feudal Age
11:24 Double-Bit Axe
14:04 Fletching
20:53 Padded Archer Armor
Agua Mineral
0:46 Loom
6:25 Double-Bit Axe
9:53 Horse Collar
13:36 Feudal Age
14:48 Bow Saw
15:49 Gold Mining
18:33 Castle Age
17:12 Gold Shaft Mining
19:02 Town Watch
20:04 Town Patrol
致远Deepgame
7:31 Loom
10:58 Feudal Age
16:03 Castle Age
14:35 Scale Barding Armor
14:50 Bloodlines
15:43 Double-Bit Axe
16:40 Horse Collar
20:23 Bow Saw
21:04 Fishing Lines
Connection lost

Rejoining the realm…

Still unreachable

The connection could not be restored.

Session expired

The server has moved on; the page needs a fresh start.